 Dungeon Crawl Stone Soup version 0.17-a0-989-gada8a91 (console) character file.

150 Monkaria the Slasher (level 5, 0/41 HPs)
             Began as a Demonspawn Chaos Knight on May 12, 2015.
             Slain by Grinder the demonic crawler (1 damage)
             ... on level 2 of the Dungeon.
             The game lasted 00:03:03 (2339 turns).

Monkaria the Slasher (Demonspawn Chaos Knight)      Turns: 2339, Time: 00:03:04

Health: 0/41       AC:  6    Str: 13    XL:     5   Next: 10%
Magic:  0/5        EV: 16    Int: 14    God:    Xom [...*..]
Gold:   109        SH:  0    Dex: 17    Spells: 0 memorised, 4 levels left

rFire  . . .     SeeInvis .     a - +0 falchion (chaos)
rCold  . . .     Clarity  .     b - +2 leather armour
rNeg   . . .     SustAb   .     (no shield)
rPois  .         Gourm    .     (no helmet)
rElec  .         Spirit   +     d - +0 cloak
rCorr  .         Warding  .     (no gloves)
rMut   .         Stasis   .     (no boots)
MR     .....                    (no amulet)
Stlth  ++........               (no ring)
                                (no ring)

@: agile, not resistant to hostile enchantments, unstealthy
A: claws 1, magic shield
a: Renounce Religion


You were on level 2 of the Dungeon.
You worshipped Xom.
You were a favourite toy of Xom.
You were hungry.

You visited 1 branch of the dungeon, and saw 3 of its levels.

You collected 109 gold pieces.

Inventory:

Hand weapons
 a - a +0 falchion of chaos (weapon)
Armour
 b - a +2 leather armour (worn)
 d - a +0 cloak (worn)
Scrolls
 f - 4 scrolls of identify
 h - a scroll of amnesia {unknown}
 i - a scroll of random uselessness {unknown}
 k - a scroll of remove curse {unknown}
 o - a scroll of fog {unknown}
Potions
 g - 3 potions of curing
 m - a potion of agility
Comestibles
 c - 5 bread rations
 j - a meat ration
 n - 2 beef jerkies


   Skills:
 - Level 3.0 Fighting
 - Level 4.0 Long Blades
 + Level 3.8 Armour
 - Level 0.8 Dodging


You had 4 spell levels left.
You didn't know any spells.

Dungeon Overview and Level Annotations

Branches:
Dungeon (3/15)

Altars:
Gozag
Nemelex Xobeh
Qazlal
Xom
Yredelemnul

Annotations:
D:2 Grinder


Innate Abilities, Weirdness & Mutations

You have sharp fingernails.
When hurt, damage is shared between your health and your magic reserves.


Message History

It was a potion of curing.
You feel better.
Xom thinks this is hilarious!
Grinder hits you but does no damage. Grinder barely misses you.
Grinder closely misses you.
Drink which item? (? for menu, Esc to quit)
It was a potion of agility.
You feel agile all of a sudden.
Xom thinks this is hilarious!
Grinder waves its antennae.
Grinder misses you. Grinder hits you!
* * * LOW HITPOINT WARNING * * *
Grinder hits you.
* * * LOW HITPOINT WARNING * * *
Grinder hits you.
* * * LOW HITPOINT WARNING * * *
Grinder hits you.
* * * LOW HITPOINT WARNING * * *
Grinder hits you.
You die...
Xom bursts into laughter!

## #.....# #.#...................
####.....###.#..#.#######........
...........#.##.#.# #........
..##.....#.#.##.#.# #.#######
#.########.#....(.#######.# #
#'########.#####........#.#######
.........#.# #.>.............##
[........#.######s####.........##
.........#......@..# #.........##
.........########..# #.........#
.........# #(.# #.........#
.(.......########..# #.........#
...................# #.........#
.........#########.# #..#.#######
...###....#........# #..#.# #
...# #....#.####.#.###..#^# #
...# #....#.#<.#.#......#.# #


You could see Grinder the demonic crawler.

Vanquished Creatures
  Jessica (D:3)
  Natasha (D:3)
  A gnoll (D:1)
  3 adders (D:3)
  A worm (D:2)
  A giant gecko (D:2)
  An orc (D:3)
  11 bats
  3 giant cockroaches
  7 hobgoblins
  A quokka (D:3)
  2 ball pythons
  4 giant newts
  7 goblins
  6 jackals
  9 kobolds
  3 rats
62 creatures vanquished.

Notes
Turn   | Place    | Note
--------------------------------------------------------------
     0 | D:1      | Monkaria the Demonspawn Chaos Knight began the quest for the Orb.
     0 | D:1      | Reached XP level 1. HP: 18/18 MP: 1/1
   283 | D:1      | Gained mutation: When hurt, damage is shared between your health and your magic reserves. [demonic ancestry]
   283 | D:1      | Reached XP level 2. HP: 22/24 MP: 2/2
   398 | D:1      | XOM: harmless Necr miscast
   598 | D:1      | Reached XP level 3. HP: 25/29 MP: 3/3
   659 | D:1      | XOM: divination: detect items
   903 | D:1      | Reached skill level 4 in Long Blades
  1158 | D:2      | XOM: divination: detect items
  1492 | D:2      | XOM: scenery: create altars
  1697 | D:2      | XOM: cast spell 'Spider Form'
  1845 | D:3      | Noticed Grinder
  1846 | D:3      | XOM: mild Necr miscast
  1909 | D:3      | Found a sparkling altar of Nemelex Xobeh.
  1977 | D:3      | XOM: confuse monster(s)
  1987 | D:3      | Gained mutation: You have sharp fingernails. [demonic ancestry]
  1987 | D:3      | Reached XP level 4. HP: 34/34 MP: 4/4
  2040 | D:3      | XOM: divination: detect items
  2065 | D:3      | Noticed Jessica
  2068 | D:3      | Found a stormy altar of Qazlal.
  2069 | D:3      | Noticed a water elemental
  2071 | D:3      | Noticed Natasha
  2071 | D:3      | Noticed an air elemental
  2072 | D:3      | Noticed an earth elemental
  2072 | D:3      | Noticed a fire elemental
  2074 | D:3      | XOM: confuse monster(s)
  2077 | D:3      | Killed Jessica
  2080 | D:3      | XOM: fog
  2085 | D:3      | Killed Natasha
  2085 | D:3      | Reached XP level 5. HP: 17/40 MP: 2/5
  2095 | D:3      | XOM: harmless Ice miscast
  2271 | D:3      | Found a basalt altar of Yredelemnul.
  2272 | D:3      | Found an opulent altar of Gozag.
  2322 | D:3      | Noticed Grinder
  2322 | D:3      | Grinder changed into Grinder the demonic crawler
  2322 | D:3      | XOM: polymorph Grinder -> Grinder the demonic crawler
  2324 | D:3      | XOM: enchant monster (good)
  2339 | D:2      | HP: 1/41 [Grinder the demonic crawler (6)]
  2339 | D:2      | Slain by Grinder the demonic crawler

Vault maps used:
D:1:      dpeg_arrival_round_c
D:3:      nicolae_qazlal_style_of_elements, nemelex_xobeh_ov_fountains_minmay,
          gammafunk_temple_overflow_statue, minmay_misc_feat_more_columns,
          tgw_trog, uniq_grinder, uniq_natasha, uniq_sigmund, uniq_jessica

Action                   |  1- 3 |  4- 6 || total
-------------------------+-------+-------++-------
Melee: Falchion          |   141 |    53 ||   194
  Use: Potion            |       |     3 ||     3
       Scroll            |       |     1 ||     1
 Stab: Paralysed         |       |     1 ||     1
  Eat: Chunk             |     2 |     2 ||     4
